 Dungeon Crawl Stone Soup version 0.27-a0-78-g75406f0b48 (webtiles) character file.

Game seed: 7028852586411665983

178 Morgoth the Shield-Bearer (level 5, -21/47 HPs)
             Began as a Minotaur Fighter on Jan 13, 2021.
             Demolished by an ogre
             ... wielding a +0 giant spiked club
              (29 damage)
             ... on level 3 of the Dungeon.
             The game lasted 00:06:28 (2846 turns).

Morgoth the Shield-Bearer (Minotaur Fighter)        Turns: 2846, Time: 00:06:29

Health: -21/47     AC:  9    Str: 27    XL:     5   Next: 32%
Magic:  4/4        EV:  6    Int:  5    God:
Gold:   158        SH: 11    Dex: 10    Spells: 4/4 levels left

rFire    . . .     SeeInvis +   a - +0 long sword
rCold    . . .     Faith    .   c - +1 kite shield
rNeg     . . .     Spirit   .   o - +0 chain mail
rPois    .         Reflect  .   (helmet restricted)
rElec    .         Harm     .   (no cloak)
rCorr    .         Rampage  .   (no gloves)
Will     .....                  (no boots)
Stlth    ..........             (no amulet)
HPRegen  0.15/turn              h - +6 ring of strength
MPRegen  0.09/turn              k - ring of see invisible

@: no status effects
A: retaliatory headbutt, horns 2
a: no special abilities


You were on level 3 of the Dungeon.
You visited 1 branch of the dungeon, and saw 4 of its levels.

You collected 158 gold pieces.

Inventory:

Hand Weapons
 a - a +0 long sword (weapon)
Missiles
 e - 16 poisoned darts (quivered)
Armour
 c - a +1 kite shield (worn)
 o - a +0 chain mail (worn)
Jewellery
 h - a +6 ring of strength (left hand)
 k - a ring of see invisible (right hand)
Wands
 m - a wand of iceblast (9)
Scrolls
 j - a scroll of enchant weapon {unknown}
 l - a scroll of remove curse
 p - a scroll of fear
 q - a scroll of identify {unknown}
Potions
 b - a potion of magic {unknown}
 d - a potion of might
 f - 2 potions of flight {unknown}
 g - a potion of mutation {unknown}
 i - a potion of curing {unknown}
 n - 2 potions of lignification {unknown}
 r - a potion of resistance {unknown}


   Skills:
 + Level 4.8 Fighting
 + Level 3.9 Long Blades
 + Level 4.8 Armour
 + Level 4.8 Shields


You had 4 spell levels left.
You didn't know any spells.
Your spell library was empty.

Dungeon Overview and Level Annotations

Branches:
Dungeon (4/15)
 Temple: D:4-7

Altars:

Annotations:
D:4 Edmund


Innate Abilities, Weirdness & Mutations

You reflexively headbutt those who attack you in melee.
You have a pair of horns on your head.


Message History

The ogre hits you with a +0 giant spiked club.
Edmund throws a poisoned dart.
You block the poisoned dart.
The ogre hits you with a +0 giant spiked club!!
Ouch! That really hurt!
* * * LOW HITPOINT WARNING * * *
There is a stone staircase leading up, spattered with blood here.
You see here 2 poisoned darts.
You climb upwards.
There is a stone staircase leading down here.
There is an open door here.
You barely miss the ogre. The ogre barely misses you.
You completely miss the ogre.
The ogre hits you with a +0 giant spiked club!!
* * * LOW HITPOINT WARNING * * *
Okay, then.
A rat comes into view.
The rat twitches its whiskers.
The ogre hits you with a +0 giant spiked club!!
Ouch! That really hurt!
You die...

≈≈≈≈≈≈≈#≈≈≈# #......#
#≈≈≈≈≈# #######≈≈#
####'##### ##≈≈≈≈#
####≈≈≈≈≈# #.......#
#≈≈≈≈≈ ≈≈≈≈≈#####
#.......##### #≈≈≈≈≈
#####≈≈≈#
#.#...r........ ..≈≈≈≈ #
#≈≈### #....#....#####
#####≈≈≈≈#
#.###.#.........
≈≈≈≈≈≈≈####.#
#O#.......##
≈≈≈#####.#.# #@#r....#.#
≈≈###.#.#.#.## #.##....#
#
####.#.#.#.#.###.##....#
...+#.#.#.#.#..........#
...#.#.#.#.#+....#######
....#.#.#.#.#....#
+#.#.#.#.#.#+....#
#.#.#.#.#.#.#....#
.#.#.#.#.#.#.....#


You could see an ogre and a rat.

Vanquished Creatures
  2 orc wizards (D:3)
  4 adders
  A white imp (D:2)
  4 worms
  A dart slug (D:3)
  A leopard gecko (D:3)
  3 orcs (D:3)
  14 giant cockroaches
  4 goblins
  7 hobgoblins
  4 jackals (D:3)
  8 bats
  6 frilled lizards
  6 kobolds
  8 rats
73 creatures vanquished.

Notes
Turn   | Place    | Note
-------+----------+-------------------------------------------
     0 | D:1      | Morgoth the Minotaur Fighter began the quest for the Orb.
     0 | D:1      | Reached XP level 1. HP: 19/19 MP: 0/0
    95 | D:2      | Reached XP level 2. HP: 27/27 MP: 1/1
   535 | D:1      | Reached XP level 3. HP: 33/33 MP: 2/2
  1668 | D:2      | Reached XP level 4. HP: 36/41 MP: 3/3
  2367 | D:4      | Noticed Edmund
  2368 | D:4      | Noticed an ogre
  2455 | D:3      | Reached XP level 5. HP: 41/47 MP: 4/4
  2846 | D:3      | Demolished by an ogre

Illustrated notes

Levels and vault maps discovered:
D:1:      minmay_arrival_diagonal_passages, layout_basic, palyth_stone_intersect
D:2:      minmay_roachtagon, layout_loops_corners, ebering_dispersal_statue_hall
D:3:      wander_river, layout_basic, serial_rivers,
          chequers_serial_rivers_large_b, chequers_serial_rivers_room_b,
          chequers_serial_rivers_small_3, chequers_serial_rivers_micro_d,
          chequers_serial_rivers_room_a
D:4:      layout_loops_ring, overflow_temple_1_default, lemuel_doored_altar,
          enter_ossuary_4, tso_metal_star, uniq_eustachio, uniq_edmund

Skill      XL: |  1  2  3 |
---------------+----------+-----
Armour         | 4 |  4.8
Shields        | 4 |  4.8
Fighting       | 4 |  4.8
Long Blades    | 3 |  3.9

Action                   |  1- 3 |  4- 6 || total
-------------------------+-------+-------++-------
Melee: Long sword        |    98 |    74 ||   172
       Headbutt          |    13 |    15 ||    28
  Use: Scroll            |       |     4 ||     4
Armor: Scale mail        |    56 |    13 ||    69
       Chain mail        |       |    23 ||    23
Dodge: Dodged            |    24 |    13 ||    37
Block: Kite shield       |    63 |    40 ||   103
       Rpst.: Long sword |     8 |     4 ||    12

Table legend: (Time is in decaauts)
 A = Elapsed time spent in this place.
 B = Non-inter-level travel time spent in this place.
 C = Inter-level travel time spent in this place.
 D = Time resting spent in this place.
 E = Time spent auto-exploring this place.
 F = Levels seen in this place.
 G = Mean time per level.
                   A        B        C        D        E       F      G
               +--------+--------+--------+--------+--------+-----+--------+
         Total |   2930 |   2809 |    121 |    353 |   1617 |   4 |  732.5 |
       Dungeon |   2930 |   2809 |    121 |    353 |   1617 |   4 |  732.5 |
               +--------+--------+--------+--------+--------+-----+--------+

Top non-repeatable levels by time:
     D:2: 1388 daAuts
     D:1: 919 daAuts
     D:3: 588 daAuts
     D:4: 33 daAuts
